 Dungeon Crawl Stone Soup version 0.30.1-4-g462c640d31 (webtiles) character file.

Game seed: 16747240318098949672

90 Almogavar the Covered (level 4, 0/29 HPs)
             Began as a Gargoyle Fighter on Aug 20, 2023.
             Slain by an orc priest
             ... wielding a +0 trident
              (4 damage)
             ... on level 3 of the Dungeon.
             The game lasted 00:04:31 (1813 turns).

Almogavar the Covered (Gargoyle Fighter)            Turns: 1813, Time: 00:04:32

Health: 0/29       AC: 13    Str: 22    XL:     4   Next: 56%
Magic:  4/4        EV:  9    Int:  8    God:
Gold:   64         SH:  4    Dex:  9    Spells: 3/3 levels left

rFire   . . .        a - +0 flail
rCold   . . .        c - +0 buckler
rNeg    + . .        b - +0 scale mail
rPois   ∞            h - +0 helmet
rElec   +            (no cloak)
rCorr   .            f - +0 pair of gloves
SInv    .            (no boots)
Will    .....        (no amulet) Stlth
                     (no ring)
HPRegen 0.24/turn    (no ring)
MPRegen 0.09/turn

%: no passive effects
@: no status effects
A: sickness immunity, AC +3, negative energy resistance 1, electricity
resistance, torment resistance 1, petrification resistance
a: no special abilities


You were on level 3 of the Dungeon.
You visited 1 branch of the dungeon, and saw 3 of its levels.

You collected 97 gold pieces.
You spent 33 gold pieces at shops.

Inventory:

Hand Weapons
 a - a +0 flail (weapon)
Armour
 b - a +0 scale mail (worn)
 c - a +0 buckler (worn)
 f - a +0 pair of gloves (worn)
 h - a +0 helmet (worn)
Jewellery
 k - a ring of fire
Scrolls
 e - a scroll of teleportation {unknown}
 g - a scroll of fear {unknown}
 m - a scroll of torment {unknown}
 p - a scroll of vulnerability {unknown}
Potions
 d - a potion of might
 i - a potion of flight {unknown}
 l - a potion of brilliance {unknown}
 n - a potion of haste {unknown}
 o - a potion of heal wounds {unknown}


   Skills:
 + Level 3.7 Fighting
 + Level 3.1 Maces & Flails
 + Level 4.0 Armour
 + Level 0.4 Stealth
 + Level 3.9 Shields


You had 3 spell levels left.
You didn't know any spells.
Your spell library contained the following spells:

 Spells                   Type           Power      Damage    Failure   Level
 Sandblast                Erth           0%         2d4       80%         1
 Passwall                 Tmut/Erth      0%         N/A       90%         2
 Stone Arrow              Conj/Erth      0%         3d7       99%         3


Dungeon Overview and Level Annotations

Branches:
Dungeon (3/15)

Altars:

Shops:
D:3 !


Innate Abilities, Weirdness & Mutations

You are immune to sickness and miasma.
Your stone body is resilient. (AC +3)
You are immune to poison.
You resist negative energy. (rN+)
You are resistant to electric shocks. (rElec)
You are resistant to unholy torment.
You are immune to petrification.


Message History

You are too injured to fight recklessly!
You are too injured to fight recklessly!
You are too injured to fight recklessly!
You closely miss the orc priest.
The orc priest is heavily wounded.
The orc priest hits you but does no damage.
The orc priest mumbles some strange prayers to Beogh against you.
Beogh smites you!
* * * LOW HITPOINT WARNING * * *
You hit the orc priest but do no damage.
The orc priest is heavily wounded.
You block the orc priest's attack.
The orc priest calls upon Beogh to heal the orc priest.
The orc priest is healed somewhat.
The orc priest hits you from afar with a +0 trident.
* * * LOW HITPOINT WARNING * * *
You block the orc priest's attack.
You feel better.
The orc priest invokes the aid of Beogh against you.
Pain shoots through your body!
* * * LOW HITPOINT WARNING * * *
The orc priest barely misses you.
You closely miss the orc priest. The orc priest barely misses you.
The orc priest hits you from afar with a +0 trident.
* * * LOW HITPOINT WARNING * * *
You feel better.
The orc priest hits you but does no damage.
You block the orc priest's attack.
You sock the orc priest!
The orc priest is severely wounded.
The orc priest casts a cantrip, but nothing happens.
The orc priest barely misses you.
You hit the orc priest but do no damage.
The orc priest is severely wounded.
The orc priest invokes the aid of Beogh against you.
Beogh smites you!
* * * LOW HITPOINT WARNING * * *
The orc priest completely misses you.
The orc priest hits you from afar with a +0 trident.
You die...

#.######.##.
###################.#
#>##.
#...................#
#.##.
#.###################
#.... #.########
#....# ######
##'#......# #....####
...... #.........#
#........ ......
#.........######.....#
######
#.............@o.....#
####......######o....#
#......# #.....#
#......##.........#
#########.#.......#
#......## ........#
o..##....# .... ######


You could see 2 orc priests.

Vanquished Creatures
  3 adders
  A worm (D:3)
  A dart slug (D:1)
  3 orcs
  4 bats
  8 endoplasms
  5 giant cockroaches
  2 goblins
  4 hobgoblins
  2 quokkas
  7 ball pythons
  2 frilled lizards (D:1)
  6 kobolds
  5 rats
53 creatures vanquished.

Notes
Turn   | Place    | Note
-------+----------+-------------------------------------------
     0 | D:1      | Almogavar the Gargoyle Fighter began the quest for the Orb.
     0 | D:1      | Reached XP level 1. HP: 14/14 MP: 1/1
   105 | D:1      | Reached XP level 2. HP: 19/19 MP: 2/2
   439 | D:1      | Reached XP level 3. HP: 23/23 MP: 3/3
  1075 | D:2      | Reached XP level 4. HP: 26/28 MP: 4/4
  1593 | D:3      | Found Kescheam's Distillery.
  1626 | D:3      | Bought a potion of curing for 33 gold pieces
  1801 | D:3      | Reached skill level 4 in Armour
  1808 | D:3      | HP: 1/29 [orc priest/+0 trident (3)]
  1813 | D:3      | Slain by an orc priest

Illustrated notes

Levels and vault maps discovered:
D:1:      lightli_arrival_noodles, layout_basic
D:2:      layout_basic
D:3:      layout_basic, lemuel_tele_altar, serial_shops,
          nicolae_shop_hallway_plus

Skill      XL: |  1  2  3  4 |
---------------+-------------+-----
Maces & Flails | 3 |  3.1
Armour         | 4 |  4.0
Fighting       | |  3.7
Stealth        | |  0.4
Shields        | |  3.9

Action                     |  1- 3 |  4- 6 || total
---------------------------+-------+-------++-------
  Melee: Flail             |    99 |    68 ||   167
    Use: Potion            |       |     2 ||     2
 Armour: Scale mail        |    49 |    32 ||    81
  Dodge: Dodged            |    35 |    31 ||    66
  Block: Buckler           |    21 |    17 ||    38
